[Event "Titled Tuesday Blitz April 18 Late 2023"]
[White "Ashraf, Artin"]
[Black "Al-Tarboush, Ward"]
[WhiteFideId "22514805"]
[BlackFideId "7601450"]
[WhiteElo "2188"]
[BlackElo "2265"]
[Result "0-1"]
[Round "06"]
[TimeControl "180+2"]
[Date "2023.04.18"]
[WhiteClock "0:00:02"]
[BlackClock "0:01:55"]

1. e4 c5 2. Nf3 Nc6 3. Bb5 e6 4. Bxc6 bxc6 5. O-O Ne7 6. b3 f6 7. Nc3 e5 8. Na4 Ng6 9. Ba3 d6 10. c3 Bg4 11. h3 Be6 12. d4 cxd4 13. cxd4 Be7 14. Rc1 Rc8 15. Qe2 O-O 16. Qa6 Qd7 17. Rc3 Nf4 18. Rfc1 Bxh3 19. gxh3 Qxh3 20. Ne1 Qg4+ 21. Kf1 Qh5 22. Kg1 Ne2+ 23. Kg2 Nxc1 24. Bxc1 f5 25. Rxc6 Rxc6 26. Qxc6 Rf6 27. Kf1 exd4 28. Qd5+ Kh8 29. Nb2 Qh1+ 30. Ke2 Qxe4+ 31. Qxe4 fxe4 32. Nc4 d5 33. Nb2 d3+ 34. Kf1 Bc5 35. Nbxd3 exd3 36. Nxd3 Bb6 37. a4 h5 38. b4 h4 39. a5 Bd4 40. Kg2 h3+ 41. Kxh3 Rf3+ 0-1


[Site "https://www.chess.com"]

[Event "Titled Tuesday Blitz April 18 Late 2023"]
[White "Sanchez Alvares, Kelvin Antonio"]
[Black "Yuan, Qingyu"]
[WhiteFideId "3906680"]
[BlackFideId "8609772"]
[WhiteElo "2217"]
[BlackElo "2359"]
[Result "1-0"]
[Round "06"]
[TimeControl "180+2"]
[Date "2023.04.18"]
[WhiteClock "0:01:18"]
[BlackClock "0:00:04"]

1. e4 e5 2. Nf3 Nc6 3. d4 exd4 4. Nxd4 Nf6 5. Nxc6 bxc6 6. e5 Qe7 7. Qe2 Nd5 8. c4 Ba6 9. b3 g6 10. Bb2 Bg7 11. Nd2 O-O 12. O-O-O Nb6 13. h4 d5 14. exd6 Bxb2+ 15. Kxb2 Qf6+ 16. Kb1 cxd6 17. Ne4 Qf5 18. g4 Qf4 19. g5 d5 20. Nf6+ Kh8 21. Qb2 d4 22. Rxd4 Qe5 23. Bg2 Rad8 24. Rhd1 Rxd4 25. Qxd4 Qxd4 26. Rxd4 c5 27. Rd6 Bc8 28. Be4 Be6 29. a4 Kg7 30. a5 Nc8 31. Rc6 h6 32. Rxc5 hxg5 33. hxg5 Rh8 34. Rc7 Rh2 35. Bd5 Bf5+ 36. Kc1 Nd6 37. c5 Nb5 38. Rxf7+ Kh8 39. Rf8+ 1-0


[Site "https://www.chess.com"]

[Event "Titled Tuesday Blitz April 18 Late 2023"]
[White "angelgab3"]
[Black "Begmuratov, Alisher"]
[BlackFideId "14203367"]
[WhiteElo "2529"]
[BlackElo "2387"]
[Result "0-1"]
[Round "06"]
[TimeControl "180+2"]
[Date "2023.04.18"]
[WhiteClock "0:00:06"]
[BlackClock "0:00:06"]

1. e4 c6 2. d4 d5 3. e5 Bf5 4. Nc3 e6 5. g4 Bg6 6. Nge2 h5 7. Nf4 Bh7 8. Nxh5 c5 9. dxc5 Nc6 10. Bb5 g6 11. Ng3 Bxc5 12. h4 Qb6 13. O-O g5 14. Bxg5 Ne7 15. Qe2 a6 16. Na4 Qa7 17. Bxc6+ Nxc6 18. Nxc5 Qxc5 19. c3 Kd7 20. Rad1 Kc7 21. Qf3 Raf8 22. Rfe1 Kc8 23. Qe3 Qb5 24. b3 Rfg8 25. Rc1 Rg6 26. c4 dxc4 27. Rxc4 Rhg8 28. Ne4 Kb8 29. Nd6 Qa5 30. Rec1 Qxe5 31. Qxe5 Nxe5 32. Rc8+ Rxc8 33. Rxc8+ Ka7 34. Be3+ b6 35. Rc7+ Ka8 36. g5 Rg8 37. Bxb6 Bd3 38. Ra7+ Kb8 39. Nxf7 Nf3+ 40. Kh1 Nxh4 41. Re7 Be4+ 42. Kh2 Nf3+ 43. Kg3 Bd5 44. Kf4 Ka8 45. Ne5 Rf8+ 46. Ke3 Nxe5 47. Ra7+ Kb8 48. Rg7 Ng4+ 49. Kd4 Rf4+ 50. Kc5 Rf8 51. Kd6 Rc8 52. Bc7+ Kb7 53. f4 Ne3 54. Ba5+ Kb8 55. Bb6 Nf5+ 56. Ke5 Nxg7 57. Kf6 Nf5 58. g6 Kb7 59. Ba5 Rc2 60. g7 Nxg7 61. Kxg7 0-1


[Site "https://www.chess.com"]

[Event "Titled Tuesday Blitz April 18 Late 2023"]
[White "Tomaszewski, Kacper"]
[Black "Djokic, Mihailo"]
[WhiteFideId "1127373"]
[BlackFideId "976440"]
[WhiteElo "2211"]
[BlackElo "2294"]
[Result "0-1"]
[Round "06"]
[TimeControl "180+2"]
[Date "2023.04.18"]
[WhiteClock "0:00:03"]
[BlackClock "0:01:21"]

1. e4 c5 2. Nf3 d6 3. c3 Nf6 4. Qc2 Bg4 5. Be2 Nc6 6. h3 Bxf3 7. Bxf3 e5 8. O-O g5 9. d4 exd4 10. Bxg5 Rg8 11. Bh4 Ne5 12. Be2 d3 13. Qa4+ Qd7 14. Qxd7+ Kxd7 15. Bd1 Nxe4 16. f3 Ng3 17. Re1 Ne2+ 18. Bxe2 dxe2 19. Kh2 Re8 20. Nd2 Nd3 21. Rg1 Bh6 22. Ne4 Bf4+ 23. g3 Be5 24. f4 f5 25. fxe5 fxe4 26. e6+ Rxe6 27. g4 d5 28. Rg2 Rh6 29. Be1 d4 30. cxd4 cxd4 31. Rd1 exd1=Q 0-1


[Site "https://www.chess.com"]

[Event "Titled Tuesday Blitz April 18 Late 2023"]
[White "Korchmar, Vasiliy"]
[Black "Graif, William"]
[WhiteFideId "24131750"]
[BlackFideId "2609835"]
[WhiteElo "2370"]
[BlackElo "2205"]
[Result "1-0"]
[Round "06"]
[TimeControl "180+2"]
[Date "2023.04.18"]
[WhiteClock "0:01:48"]
[BlackClock "0:00:11"]

1. e4 e5 2. Nf3 Bc5 3. Bc4 Nf6 4. d3 Nc6 5. c3 d6 6. Bg5 h6 7. Bh4 a6 8. Nbd2 Ba7 9. O-O g5 10. Bg3 h5 11. h4 Bg4 12. Qb3 gxh4 13. Bxh4 Na5 14. Bxf7+ Kf8 15. Qa4 Kxf7 16. Qxa5 Bxf3 17. Nxf3 Rg8 18. d4 Qd7 19. Ng5+ Rxg5 20. Bxg5 Rg8 21. f4 Nxe4 22. Qd5+ Qe6 23. Qxe4 Qg4 24. fxe5+ Ke8 25. Qxg4 hxg4 26. Bf6 1-0


[Site "https://www.chess.com"]

[Event "Titled Tuesday Blitz April 18 Late 2023"]
[White "Tokman, Ariel"]
[Black "Matinian, Nikita"]
[WhiteFideId "117420"]
[BlackFideId "24129100"]
[WhiteElo "2263"]
[BlackElo "2422"]
[Result "0-1"]
[Round "06"]
[TimeControl "180+2"]
[Date "2023.04.18"]
[WhiteClock "0:00:01"]
[BlackClock "0:00:13"]

1. e4 c5 2. Nf3 e6 3. c3 Nf6 4. d3 d5 5. Nbd2 Nc6 6. g3 Be7 7. Bg2 O-O 8. O-O b5 9. Re1 a5 10. e5 Nd7 11. Nf1 b4 12. h4 Re8 13. N1h2 a4 14. c4 dxc4 15. dxc4 Bb7 16. Bf4 Nb6 17. Qe2 b3 18. a3 Qc7 19. h5 h6 20. Ng4 Bf8 21. Bxh6 Nd4 22. Nxd4 Bxg2 23. Kxg2 cxd4 24. Rac1 Qc6+ 25. Kg1 Rad8 26. Qd3 Nd7 27. Bg5 Nc5 28. Qd2 Ne4 29. Qf4 Nxg5 30. Qxg5 Be7 31. Nf6+ Kh8 32. h6 Bxf6 33. exf6 g6 34. h7 Qf3 35. Qh6 Qxf6 36. Rcd1 e5 37. c5 e4 38. Qh1 e3 39. fxe3 dxe3 40. Qg2 Rxd1 41. Rxd1 e2 42. Re1 Qxb2 43. c6 Qc2 44. Qf2 Qf5 0-1


[Site "https://www.chess.com"]

[Event "Titled Tuesday Blitz April 18 Late 2023"]
[White "Jaracz, Pawel"]
[Black "Karas, Marek"]
[WhiteFideId "1102222"]
[BlackFideId "14928558"]
[WhiteElo "2438"]
[BlackElo "2233"]
[Result "0-1"]
[Round "06"]
[TimeControl "180+2"]
[Date "2023.04.18"]
[WhiteClock "0:00:04"]
[BlackClock "0:00:16"]

1. e4 e6 2. d4 d5 3. Nc3 Nf6 4. exd5 Nxd5 5. Bd3 c5 6. Nce2 Nc6 7. c3 cxd4 8. cxd4 Bb4+ 9. Kf1 O-O 10. Nf3 Nf6 11. a3 Be7 12. Be3 b6 13. Nc3 Bb7 14. Qe2 Rc8 15. Rd1 Bd6 16. h4 Ne7 17. Ne5 Ned5 18. Nxd5 Bxd5 19. h5 Be4 20. h6 Bxd3 21. Qxd3 g6 22. Nf3 Nd5 23. g3 Be7 24. Kg2 Bf6 25. Qe4 Bh8 26. Rc1 Nf6 27. Qb7 Qd7 28. Qxd7 Nxd7 29. Bf4 Nf6 30. Be5 Nd5 31. Bxh8 Kxh8 32. Ne5 Kg8 33. b4 f6 34. Nd3 Kf7 35. Rhe1 Ne7 36. Nf4 Rxc1 37. Rxc1 Rc8 38. Rxc8 Nxc8 39. d5 e5 40. Ne6 g5 41. Kf3 Nd6 42. Nd8+ Kg6 43. Nc6 Kxh6 44. Nxa7 b5 45. g4 Kg6 46. Ke3 f5 47. gxf5+ Kxf5 48. Kd3 h5 49. Nc6 h4 50. Ne7+ Kf6 51. Ng8+ Kg7 52. Ne7 h3 0-1


[Site "https://www.chess.com"]

[Event "Titled Tuesday Blitz April 18 Late 2023"]
[White "Larino Nieto, David"]
[Black "TheKnightOfBosnia"]
[WhiteFideId "2256444"]
[WhiteElo "2506"]
[BlackElo "2507"]
[Result "1-0"]
[Round "06"]
[TimeControl "180+2"]
[Date "2023.04.18"]
[WhiteClock "0:00:06"]
[BlackClock "0:00:07"]

1. e4 e5 2. Nf3 Nc6 3. Bb5 a6 4. Bxc6 dxc6 5. O-O Bd6 6. d4 exd4 7. Qxd4 f6 8. Nc3 Ne7 9. e5 fxe5 10. Nxe5 Be6 11. Bg5 O-O 12. Rfe1 Nf5 13. Qd2 Qc8 14. Nd3 h6 15. Bf4 Bxf4 16. Nxf4 Bf7 17. Re5 Nd6 18. b3 Qg4 19. h3 Qh4 20. Rae1 Rae8 21. Rxe8 Rxe8 22. Rxe8+ Bxe8 23. Qe3 Qf6 24. a4 Bf7 25. Ne4 Qe5 26. Nc5 Qxe3 27. fxe3 a5 28. Kf2 b6 29. Na6 g5 30. Nd3 Ne8 31. e4 Be6 32. Nb8 c5 33. Nc6 Kf7 34. Ke3 Kf6 35. e5+ Kf7 36. Ke4 Ng7 37. g4 Ke8 38. c4 Kd7 39. Na7 h5 40. Kf3 hxg4+ 41. hxg4 c6 42. Nf2 Kc7 43. Ne4 Kb7 44. Nxg5 Bd7 45. Ne4 Kxa7 46. Kf4 Kb7 47. Kg5 Kc7 48. Kf6 Ne8+ 49. Kf7 Bxg4 50. Kxe8 Bd1 51. Nd2 Bg4 52. Ke7 b5 53. e6 bxa4 54. bxa4 Bd1 55. Kf8 Bh5 56. Nb3 Kd6 57. e7 Ke5 58. Nxa5 Kd4 59. Kg7 Kc3 60. Kh6 Be8 61. Kg7 Kb4 62. Kf8 Bh5 63. Nxc6+ Kxa4 64. Ne5 Kb3 65. Nf7 Kxc4 66. e8=Q 1-0


[Site "https://www.chess.com"]

[Event "Titled Tuesday Blitz April 18 Late 2023"]
[White "Sonnenschein, Philipp"]
[Black "Mihajlov, Sebastian"]
[WhiteFideId "16250877"]
[BlackFideId "1512110"]
[WhiteElo "2224"]
[BlackElo "2478"]
[Result "0-1"]
[Round "06"]
[TimeControl "180+2"]
[Date "2023.04.18"]
[WhiteClock "0:00:31"]
[BlackClock "0:01:41"]

1. e4 e6 2. d4 d5 3. Nc3 Nf6 4. e5 Nfd7 5. f4 c5 6. Nf3 Nc6 7. Be3 h6 8. Qd2 g5 9. fxg5 cxd4 10. Nxd4 Ndxe5 11. Nxc6 Nxc6 12. gxh6 Bxh6 13. Bxh6 Qh4+ 14. g3 Qxh6 15. Qxh6 Rxh6 16. O-O-O Bd7 17. h4 Ke7 18. Be2 Rah8 19. h5 Rg8 20. g4 Ne5 21. Rdg1 f6 22. Nd1 Nf7 23. Nf2 e5 24. c4 d4 25. Bf3 b6 26. Bd5 Be6 27. Bxe6 Kxe6 28. Ne4 Ng5 29. Ng3 Rh7 30. Rf1 Rc7 31. b3 b5 32. Kd2 bxc4 33. bxc4 Rxc4 34. h6 Rgc8 35. h7 Rc2+ 36. Ke1 Rc1+ 37. Kf2 Rxf1+ 38. Nxf1 Rh8 39. Ng3 Rxh7 40. Nh5 Rb7 41. Rc1 Rb2+ 42. Kf1 Ne4 43. a4 d3 44. Ng7+ Kd5 45. Nf5 Rf2+ 46. Ke1 d2+ 0-1


[Site "https://www.chess.com"]

[Event "Titled Tuesday Blitz April 18 Late 2023"]
[White "Amburgy, Ryan"]
[Black "Ronka, Erik"]
[WhiteFideId "30924820"]
[BlackFideId "505080"]
[WhiteElo "2134"]
[BlackElo "2264"]
[Result "1-0"]
[Round "06"]
[TimeControl "180+2"]
[Date "2023.04.18"]
[WhiteClock "0:00:09"]
[BlackClock "0:00:01"]

1. d4 Nf6 2. c4 g6 3. Nc3 Bg7 4. e4 d6 5. Nf3 O-O 6. Be2 Nbd7 7. Be3 e5 8. O-O Qe7 9. d5 c5 10. Nd2 Kh8 11. Qc2 Ng8 12. Bg4 Bh6 13. Nd1 Bxe3 14. Nxe3 Ngf6 15. Bh3 Nh5 16. g3 Ndf6 17. Bxc8 Raxc8 18. Rae1 Ng8 19. Ng2 a6 20. Qc3 b5 21. a3 Qb7 22. f4 f6 23. fxe5 fxe5 24. Rf3 Rxf3 25. Qxf3 Kg7 26. Rf1 Nhf6 27. Ne3 Qe7 28. Qe2 Rb8 29. b3 Qd7 30. Qf3 Qe7 31. h3 Nd7 32. Qg4 Nh6 33. Qe6 Re8 34. Qxe7+ Rxe7 35. cxb5 axb5 36. a4 Re8 37. axb5 Rb8 38. Nec4 Nf7 39. Ra1 Kf8 40. Ra7 Ke8 41. Na5 Rxb5 42. Nc6 Nd8 43. Ra8 1-0


[Site "https://www.chess.com"]

[Event "Titled Tuesday Blitz April 18 Late 2023"]
[White "Martinez Ramirez, Lennis"]
[Black "Hajiyev, Kanan"]
[WhiteFideId "3509079"]
[BlackFideId "13404148"]
[WhiteElo "2410"]
[BlackElo "2103"]
[Result "1-0"]
[Round "06"]
[TimeControl "180+2"]
[Date "2023.04.18"]
[WhiteClock "0:01:08"]
[BlackClock "0:00:05"]

1. d4 Nf6 2. c4 e6 3. Nf3 b6 4. g3 Ba6 5. Nbd2 Ne4 6. Nxe4 Bxc4 7. Ned2 Bd5 8. Bg2 Be7 9. O-O O-O 10. e4 Bb7 11. Re1 d6 12. Nb1 Nd7 13. Nc3 Rc8 14. d5 e5 15. b4 h6 16. b5 Nc5 17. Be3 Qd7 18. Nd2 Ra8 19. Nb3 Qe8 20. Nxc5 dxc5 21. a4 Bd6 22. Bh3 Bc8 23. Bxc8 Qxc8 24. a5 Qh3 25. Qf3 h5 26. Qg2 Qg4 27. h3 Qg6 28. g4 f6 29. axb6 axb6 30. Ra6 h4 31. Rea1 Rac8 32. Qf3 Qf7 33. Qf5 Rfe8 34. g5 g6 35. Qxf6 Qh7 36. Rxb6 cxb6 37. Qxd6 Rb8 38. Ra6 Red8 39. Qxe5 Qf7 40. Qf6 Qh7 41. Rxb6 Ra8 42. Qxg6+ Qxg6 43. Rxg6+ Kf7 44. Ra6 c4 45. e5 Kg7 46. Kg2 Kf7 47. f4 Rab8 48. Ra7+ Kg6 49. Kf3 Kh5 50. f5 Rh8 51. Ra6 Rbf8 52. Ke4 Rh7 53. Rh6+ Rxh6 54. gxh6 Rf7 55. e6 Rh7 56. f6 Rb7 57. f7 Rxf7 58. exf7 Kg6 59. f8=Q Kh5 60. Qf5# 1-0


[Site "https://www.chess.com"]

[Event "Titled Tuesday Blitz April 18 Late 2023"]
[White "Feng, Eric"]
[Black "Goncalves, Davi Sulzbacher"]
[WhiteFideId "30952590"]
[BlackFideId "2154510"]
[WhiteElo "1785"]
[BlackElo "2182"]
[Result "1-0"]
[Round "06"]
[TimeControl "180+2"]
[Date "2023.04.18"]
[WhiteClock "0:00:22"]
[BlackClock "0:00:05"]

1. d4 Nf6 2. c4 g6 3. Nf3 Bg7 4. g3 O-O 5. Bg2 d5 6. O-O c6 7. Nbd2 Bf5 8. b3 a5 9. a3 Ne4 10. Bb2 Nd7 11. e3 Ndc5 12. Nxe4 Bxe4 13. Nd2 Bxg2 14. Kxg2 Qd7 15. Qc2 Ne6 16. Rfd1 Ng5 17. h4 Qh3+ 18. Kg1 Ne6 19. Qd3 Nc5 20. Qe2 Rfe8 21. cxd5 cxd5 22. Qb5 Rec8 23. Rab1 Qd7 24. Qe2 Ne6 25. Nf3 Nc7 26. Ne5 Qb5 27. Rd3 Bxe5 28. dxe5 Ne6 29. a4 Qa6 30. Qd1 Rd8 31. Rxd5 Rxd5 32. Qxd5 Rd8 33. Qb5 Qxb5 34. axb5 Rd5 35. f4 Rxb5 36. Ba3 a4 37. b4 Rd5 38. Kf2 Rd3 39. Bc1 Rb3 40. Rxb3 axb3 41. Ke2 h5 42. Kd3 Kf8 43. Kc3 Ke8 44. Kxb3 Kd7 45. Kc4 Ng7 46. e4 Ne6 47. Be3 Nc7 48. f5 Kc6 49. Bc5 e6 50. Bd6 Nb5 51. fxg6 fxg6 52. Bf8 Na3+ 53. Kd3 Kb5 54. Ke3 Nc2+ 55. Kf4 Nd4 56. Kg5 Ne2 57. g4 Ng3 58. Kf4 Ne2+ 59. Ke3 Ng3 60. Kf3 Nf1 61. gxh5 gxh5 62. Kf4 Nd2 63. Kg5 Nxe4+ 64. Kxh5 Kc4 65. Kg6 Ng3 66. h5 Nxh5 67. Kxh5 Kd5 68. Bd6 b5 69. Kg6 1-0


[Site "https://www.chess.com"]

[Event "Titled Tuesday Blitz April 18 Late 2023"]
[White "Aldokhin, Ivan"]
[Black "Lorenzo De La Riva, Lazaro"]
[WhiteFideId "24115720"]
[BlackFideId "2268809"]
[WhiteElo "2322"]
[BlackElo "2294"]
[Result "1-0"]
[Round "06"]
[TimeControl "180+2"]
[Date "2023.04.18"]
[WhiteClock "0:00:18"]
[BlackClock "0:00:01"]

1. e4 c6 2. Nc3 d5 3. d4 dxe4 4. Nxe4 Nd7 5. Qe2 Ndf6 6. Nxf6+ Nxf6 7. Be3 Bf5 8. Nf3 e6 9. g3 Qa5+ 10. c3 Be7 11. Bg2 O-O 12. O-O h6 13. Ne5 Rfd8 14. g4 Bh7 15. h4 Nd5 16. g5 Nxe3 17. fxe3 f6 18. gxf6 Bxf6 19. Rxf6 gxf6 20. Qg4+ Kf8 21. Qxe6 Qc7 22. Qxf6+ Kg8 23. Bh3 Qg7+ 24. Qxg7+ Kxg7 25. b4 Be4 26. Bg2 Bxg2 27. Kxg2 Rg8 28. Kf3 Kf6 29. c4 Ke6 30. Ke4 Rae8 31. Rf1 Rg7 32. a4 Ke7 33. b5 Rc8 34. bxc6 bxc6 35. Rb1 Rc7 36. Rb8 Rh7 37. a5 Rg7 38. a6 Rh7 39. Rb7 Kd6 40. c5+ Ke6 41. Nxc6 Kf6 42. Nxa7 Rxb7 43. axb7 Rxb7 44. Nc6 Ke6 45. d5+ Kd7 46. Ne5+ Ke7 47. d6+ Ke6 48. d7 Rb4+ 49. Kf3 Rb8 50. c6 1-0


[Site "https://www.chess.com"]

[Event "Titled Tuesday Blitz April 18 Late 2023"]
[White "Rastbod, Ali"]
[Black "reevecanada"]
[WhiteFideId "12567477"]
[WhiteElo "2248"]
[BlackElo "2462"]
[Result "1-0"]
[Round "06"]
[TimeControl "180+2"]
[Date "2023.04.18"]
[WhiteClock "0:00:16"]
[BlackClock "0:00:10"]

1. e4 c5 2. Nc3 d6 3. d4 cxd4 4. Qxd4 Nc6 5. Qd2 Nf6 6. b3 e6 7. Bb2 Be7 8. O-O-O a6 9. f3 b5 10. Kb1 Bb7 11. g4 h6 12. h4 Rc8 13. Nh3 Qc7 14. Be2 Ne5 15. Rhg1 g6 16. Bxb5+ axb5 17. Nxb5 Qc5 18. Nxd6+ Bxd6 19. Qxd6 Qxd6 20. Rxd6 Nxf3 21. Bxf6 Nxg1 22. Nxg1 Rg8 23. e5 Be4 24. Rd2 Rb8 25. Kb2 Bd5 26. Kc1 g5 27. h5 Ra8 28. a4 Rb8 29. c4 Be4 30. Kb2 Bc6 31. Kc3 Ra8 32. Rd6 Rc8 33. a5 Bd7 34. Ne2 Rc6 35. Rd3 Rc5 36. b4 Rc8 37. Nd4 Ra8 38. c5 Rc8 39. Kc4 Ra8 40. c6 Bc8 41. Kc5 Rb8 42. b5 Ra8 43. Nb3 Ba6 44. bxa6 Rc8 45. a7 Ra8 46. a6 Rg6 47. Rd8+ Rxd8 48. Bxd8 Kxd8 49. a8=Q+ Ke7 50. c7 1-0


[Site "https://www.chess.com"]

[Event "Titled Tuesday Blitz April 18 Late 2023"]
[White "Melikhov, Evgeny V."]
[Black "Kozin, Yuri"]
[WhiteFideId "4122046"]
[BlackFideId "4129920"]
[WhiteElo "2158"]
[BlackElo "2630"]
[Result "1/2-1/2"]
[Round "06"]
[TimeControl "180+2"]
[Date "2023.04.18"]
[WhiteClock "0:00:38"]
[BlackClock "0:00:15"]

1. d4 d5 2. c4 c6 3. Nc3 Nf6 4. e3 Bf5 5. Nf3 e6 6. Nh4 Be4 7. f3 Bg6 8. Bd2 Nbd7 9. Qb3 Qc7 10. O-O-O Be7 11. Nxg6 hxg6 12. h3 Nh5 13. Bd3 Ng3 14. Rhe1 dxc4 15. Bxc4 O-O 16. e4 b5 17. Bxe6 fxe6 18. Qxe6+ Rf7 19. Qxg6 b4 20. Na4 c5 21. d5 Bd6 22. Kb1 c4 23. Rc1 Nb6 24. b3 Nxa4 25. Rxc4 Nc5 26. Bxb4 Rf6 27. Qg4 Rf4 28. Qg6 Rf6 29. Qg4 Rf4 30. Qg6 Rf6 1/2-1/2


[Site "https://www.chess.com"]

[Event "Titled Tuesday Blitz April 18 Late 2023"]
[White "Le Goff, Ronan"]
[Black "Adla, Diego"]
[WhiteFideId "612073"]
[BlackFideId "100072"]
[WhiteElo "2275"]
[BlackElo "2377"]
[Result "0-1"]
[Round "06"]
[TimeControl "180+2"]
[Date "2023.04.18"]
[WhiteClock "0:01:40"]
[BlackClock "0:01:08"]

1. d4 Nf6 2. c4 e6 3. Nf3 d5 4. Nc3 Bb4 5. cxd5 exd5 6. Bd2 O-O 7. a3 Bd6 8. Bg5 c6 9. e3 Bf5 10. Bd3 Bxd3 11. Qxd3 Nbd7 12. O-O-O Re8 13. Kb1 b5 14. Ne2 Qb6 15. Ng3 Ne4 16. Qc2 b4 17. axb4 a5 18. Nxe4 dxe4 19. Nd2 axb4 20. Nc4 Qa6 21. Qb3 Bf8 22. Bf4 c5 23. d5 Nb6 24. Nxb6 Qxb6 25. d6 Qa5 26. d7 Red8 27. Bg5 c4 28. Bxd8 Qa1+ 29. Kc2 cxb3+ 30. Kxb3 Qa4+ 31. Kc4 Rxd8 0-1


[Site "https://www.chess.com"]

[Event "Titled Tuesday Blitz April 18 Late 2023"]
[White "Kleiman, Jake"]
[Black "ElenGajger"]
[WhiteFideId "2020041"]
[WhiteElo "2617"]
[BlackElo "2448"]
[Result "0-1"]
[Round "06"]
[TimeControl "180+2"]
[Date "2023.04.18"]
[WhiteClock "0:00:11"]
[BlackClock "0:00:05"]

1. Nf3 Nf6 2. g3 g6 3. Bg2 Bg7 4. O-O O-O 5. d3 d5 6. Nbd2 c5 7. e4 Nc6 8. Re1 e5 9. exd5 Nxd5 10. Nc4 Re8 11. Bg5 Qc7 12. Nfxe5 Nxe5 13. Bxd5 Be6 14. Bxe6 Rxe6 15. Bf4 Rae8 16. a4 Nf3+ 17. Qxf3 Rxe1+ 18. Rxe1 Rxe1+ 19. Kg2 Qd7 20. h4 h5 21. a5 Re6 22. Be3 Qc6 23. Qxc6 Rxc6 24. Kf3 b5 25. axb6 axb6 26. c3 f5 27. Bf4 b5 28. Ne3 b4 29. Nd5 bxc3 30. bxc3 Ra6 31. Be3 Rd6 32. c4 Bd4 33. Bxd4 cxd4 34. Kf4 Re6 35. c5 Kf7 36. Nb4 Re2 37. Kf3 Rb2 38. Nc6 Rc2 39. Nxd4 Rxc5 40. Ke3 Re5+ 41. Kf4 Rd5 42. Nf3 Kf6 43. Ke3 Rd8 44. d4 Ra8 45. Ne5 Ra3+ 46. Kf4 Ra4 47. Ke3 Ra2 48. Nc4 Ke6 49. Ne5 Ra3+ 50. Kf4 Kf6 51. Nd7+ Ke7 52. Ne5 Kf6 53. Nd7+ Ke6 54. Ne5 Ra2 55. Ke3 Kd5 56. Nxg6 Ra3+ 57. Kf4 Kxd4 58. Ne7 Ra2 59. Nxf5+ Kd5 60. f3 Ke6 61. Ng7+ Kf7 62. Nxh5 Ra4+ 63. Kg5 Ra3 64. Kg4 Ra4+ 65. f4 Kg6 66. Ng7 Kxg7 67. Kg5 Ra5+ 68. f5 Ra3 69. g4 Ra6 70. Kh5 Rb6 71. Kg5 Ra6 72. Kh5 Rc6 73. g5 Rc4 74. f6+ Kf7 75. g6+ Kxf6 76. g7 Kxg7 77. Kg5 Rc5+ 78. Kg4 Rc4+ 79. Kg5 Rc5+ 80. Kg4 Kh6 0-1


[Site "https://www.chess.com"]

[Event "Titled Tuesday Blitz April 18 Late 2023"]
[White "Di Berardino, Diego Rafael"]
[Black "Mazurkiewicz, Michal"]
[WhiteFideId "2105446"]
[BlackFideId "1124943"]
[WhiteElo "2432"]
[BlackElo "2054"]
[Result "1-0"]
[Round "06"]
[TimeControl "180+2"]
[Date "2023.04.18"]
[WhiteClock "0:00:47"]
[BlackClock "0:00:01"]

1. e4 d6 2. d4 Nf6 3. Nc3 c6 4. f4 Qb6 5. Nf3 Bg4 6. e5 Nd5 7. Nxd5 cxd5 8. c3 Nc6 9. Bd3 e6 10. Qe2 Be7 11. O-O g6 12. Be3 Bxf3 13. Rxf3 h5 14. b4 a6 15. a4 Kf8 16. a5 Qc7 17. Qf2 Na7 18. Bd2 Nb5 19. Rc1 Rc8 20. Rf1 Kg7 21. f5 exf5 22. Bxf5 Rcf8 23. Bxg6 fxg6 24. Rf7+ Kg8 25. Rxf8+ Bxf8 26. Qxf8+ Kh7 27. Rf7+ Qxf7 28. Qxf7# 1-0


[Site "https://www.chess.com"]

[Event "Titled Tuesday Blitz April 18 Late 2023"]
[White "Mickiewicz, Piotr"]
[Black "Ozates, Tuna"]
[WhiteFideId "1114891"]
[BlackFideId "6354521"]
[WhiteElo "2246"]
[BlackElo "2151"]
[Result "1/2-1/2"]
[Round "06"]
[TimeControl "180+2"]
[Date "2023.04.18"]
[WhiteClock "0:00:11"]
[BlackClock "0:00:09"]

1. Nf3 c5 2. e3 Nc6 3. Bb5 d6 4. O-O g6 5. d4 cxd4 6. exd4 Bd7 7. d5 Ne5 8. Bxd7+ Qxd7 9. Nxe5 dxe5 10. c4 Bg7 11. Nc3 f5 12. c5 Nf6 13. Qb3 Rc8 14. Be3 f4 15. c6 bxc6 16. dxc6 Qxc6 17. Bxa7 f3 18. Rfc1 Qa6 19. Nd5 Rxc1+ 20. Rxc1 Qxa7 21. Nc7+ Kd8 22. Ne6+ Kd7 23. Rd1+ Kc8 24. Nxg7 Qb7 25. Qe6+ Kb8 26. Rd3 Rc8 27. gxf3 Rc6 28. Qxe5+ Qc7 29. Rb3+ Kc8 30. Qe2 Rc1+ 31. Kg2 Rc5 32. Ne6 Nh5 33. Qa6+ Kd7 34. Nxc5+ Qxc5 35. Rd3+ Ke8 36. Qa8+ Kf7 37. Qe4 Qg5+ 38. Qg4 Nf4+ 39. Kg3 Qxg4+ 40. fxg4 Nxd3 41. a4 Nxb2 42. a5 Na4 43. a6 Nb6 44. a7 e5 45. f4 Ke6 46. h4 e4 47. Kf2 Kd5 48. h5 Kd4 49. g5 e3+ 50. Ke2 Ke4 51. f5 Kxf5 52. hxg6 hxg6 53. Kxe3 Kxg5 54. Kd4 Kf4 55. Kc5 Na8 56. Kc6 g5 57. Kb7 g4 58. Kxa8 g3 59. Kb7 g2 60. a8=Q g1=Q 61. Qf8+ Ke5 62. Qe7+ Kd5 63. Qd7+ Ke5 64. Qc7+ Ke6 65. Qc6+ Ke7 66. Qc7+ Ke6 67. Qb6+ Qxb6+ 68. Kxb6 1/2-1/2


[Site "https://www.chess.com"]

[Event "Titled Tuesday Blitz April 18 Late 2023"]
[White "Janaszak, Dawid"]
[Black "Mihajlovskij"]
[WhiteFideId "1119206"]
[WhiteElo "2220"]
[BlackElo "2301"]
[Result "1-0"]
[Round "06"]
[TimeControl "180+2"]
[Date "2023.04.18"]
[WhiteClock "0:00:49"]
[BlackClock "0:01:17"]

1. e4 d5 2. exd5 Qxd5 3. Nf3 Bg4 4. Be2 Nf6 5. h3 Bf5 6. Nc3 Qd7 7. Ne5 Qd6 8. d4 c6 9. Bf4 Nd5 10. Nxd5 Qxd5 11. O-O e6 12. c4 Qa5 13. Qb3 Qb6 14. Qg3 Nd7 15. Nxd7 Kxd7 16. d5 Re8 17. dxc6+ Qxc6 18. Rfd1+ Kc8 19. c5 Be4 20. b4 g5 21. Be5 Rg8 22. b5 Qxc5 23. Rac1 f5 24. Rxc5+ Bxc5 25. Qc3 b6 26. Bd4 1-0


[Site "https://www.chess.com"]

[Event "Titled Tuesday Blitz April 18 Late 2023"]
[White "Vlassov, Nikolai"]
[Black "Kohler, Aran"]
[WhiteFideId "4103360"]
[BlackFideId "1002856"]
[WhiteElo "2324"]
[BlackElo "2265"]
[Result "1-0"]
[Round "06"]
[TimeControl "180+2"]
[Date "2023.04.18"]
[WhiteClock "0:00:58"]
[BlackClock "0:00:16"]

1. e4 c6 2. d4 d5 3. e5 c5 4. dxc5 e6 5. Nf3 Nd7 6. b4 a5 7. c3 f6 8. Bf4 g5 9. Nxg5 Nxe5 10. Bxe5 fxe5 11. Bb5+ Ke7 12. Qh5 Nh6 13. O-O Bg7 14. Nd2 axb4 15. cxb4 Bd7 16. a4 e4 17. Rad1 Bxb5 18. axb5 Qe8 19. Qh4 Nf5 20. Qf4 Qxb5 21. Ndxe4 dxe4 22. Qc7+ Kf6 23. Nxe4+ Kg6 24. Qf4 h6 25. Nd6 Nxd6 26. Rxd6 Rhf8 27. Qe4+ Rf5 28. Rxe6+ Bf6 29. g4 Qxf1+ 30. Kxf1 Ra1+ 31. Kg2 1-0


[Site "https://www.chess.com"]

[Event "Titled Tuesday Blitz April 18 Late 2023"]
[White "Kovacevic, Radmila"]
[Black "Vovk, Orest"]
[WhiteFideId "933171"]
[BlackFideId "14113490"]
[WhiteElo "2194"]
[BlackElo "2215"]
[Result "0-1"]
[Round "06"]
[TimeControl "180+2"]
[Date "2023.04.18"]
[WhiteClock "0:00:01"]
[BlackClock "0:00:08"]

1. e4 g5 2. d4 g4 3. h3 Bg7 4. hxg4 c5 5. c3 Qb6 6. dxc5 Qxc5 7. Be3 Qc6 8. Nd2 d6 9. Qb3 a6 10. g5 Nd7 11. Bc4 e6 12. f4 h6 13. Ngf3 b5 14. Bxe6 fxe6 15. Qxe6+ Ne7 16. Qg4 Nf6 17. Qh4 hxg5 18. Qxh8+ Bxh8 19. Rxh8+ Kd7 20. e5 Nfd5 21. e6+ Kc7 22. Nd4 Qb7 23. Nf1 Nxe3 24. Nxe3 Qe4 25. Kf2 gxf4 26. Ng4 Bb7 27. Rh2 Rg8 28. Re1 Qg6 29. Rh4 Qg5 30. g3 fxg3+ 31. Kxg3 Rf8 32. Re2 Qf4+ 33. Kh3 Qf1+ 34. Kg3 Rf3+ 0-1


[Site "https://www.chess.com"]